 Dungeon Crawl Stone Soup version 0.28-a0-439-g4cf4cd4993 (webtiles) character file.

Game seed: 14867060171296543701

136103 Gargoyl the Corrupter of Planes (level 17, -8/135 HPs)
             Began as a Gnoll Abyssal Knight on Sept 11, 2021.
             Was the Champion of Lugonu.
             Killed from afar by a shock serpent (21 damage)
             ... with a bolt of electricity
             ... on level 1 of the Snake Pit.
             The game lasted 00:41:14 (35990 turns).

Gargoyl the Corrupter of Planes (GnAK)             Turns: 35990, Time: 00:41:15

Health: -8/135     AC: 34    Str: 19    XL:     17   Next: 20%
Magic:  42/42      EV: 15    Int: 17    God:    Lugonu [******]
Gold:   961        SH: 14    Dex: 26    Spells: 38/38 levels left

rFire   . . .      SeeInvis .   a - +6 hand axe (venom)
rCold   + . .      Faith    .   J - +0 kite shield
rNeg    . . .      Spirit   .   W - +6 chain mail "Zaox" {rC+ Dex+7}
rPois   +          Reflect  .   o - +3 hat of Pondering {ponderous, Will+ MP+10 Int+5}
rElec   .          Harm     .   z - +2 cloak {rPois}
rCorr   .          Rampage  +   M - +0 pair of gloves
Will    ++...                   K - +2 pair of boots {rampage}
Stlth   ++........              b - amulet of the acrobat
HPRegen 0.32/turn               x - +6 ring of dexterity
MPRegen 0.28/turn               q - +4 ring of protection

@: slow
A: fangs 1, strong nose, distributed training, talons 1, agile 1, passive
freeze, wild magic 1
a: Renounce Religion, Depart the Abyss, Bend Space, Banish, Corrupt, Enter the
Abyss, Brand Weapon With Distortion


You were on level 1 of the Snake Pit.
You worshipped Lugonu.
Lugonu was exalted by your worship.
You visited 4 branches of the dungeon, and saw 25 of its levels.
You visited the Abyss 2 times.
You also visited: Ossuary.

You collected 2854 gold pieces.
You spent 1893 gold pieces at shops.

Inventory:

Hand Weapons
 a - a +6 hand axe of venom (weapon)
 u - a +5 falchion
 A - a +2 hand axe of flaming
 D - the +8 long sword of Istyoxt {holy, Dex+7}
   (You bought it in a shop on level 10 of the Dungeon)

   It has been blessed by the Shining One to cause great damage to the undead
   and demons.
   Dex:       It affects your dexterity (+7).
 H - a +1 antimagic broad axe
 L - a +1 demon trident of pain
 Y - a +1 vorpal hand axe
Missiles
 k - 123 poisoned darts (quivered)
 T - 6 curare-tipped darts
 U - a throwing net
Armour
 g - the +3 plate armour "Wotuc" {Str+3 Int-2 SInv}
   (You found it on level 5 of the Lair of Beasts)

   Str:       It affects your strength (+3).
   Int:       It affects your intelligence (-2).
   SInv:      It lets you see invisible.
 o - the +3 hat of Pondering (worn) {ponderous, Will+ MP+10 Int+5}
   (You found it on level 5 of the Dungeon)

   Int:       It affects your intelligence (+5).
   MP:        It affects your magic capacity (+10).
   Will:      It increases your willpower.
 z - a +2 cloak of poison resistance (worn)
 J - a +0 kite shield (worn)
 K - a +2 pair of boots of rampaging (worn)
 M - a +0 pair of gloves (worn)
 W - the +6 chain mail "Zaox" (worn) {rC+ Dex+7}
   (You found it on level 14 of the Dungeon)

   Dex:       It affects your dexterity (+7).
   rC:        It protects you from cold.
Jewellery
 b - an amulet of the acrobat (around neck)
 q - a +4 ring of protection (right hand)
 x - a +6 ring of dexterity (left hand)
 E - a ring of see invisible
 P - a ring of flight
 Q - a ring of resist corrosion
 V - a ring of poison resistance
Wands
 h - a wand of paralysis (9)
 t - a wand of iceblast (21)
 v - a wand of flame (100)
 B - a wand of acid (21)
 X - a wand of polymorph (16)
Scrolls
 c - 4 scrolls of enchant armour
 l - 4 scrolls of holy word
 n - 8 scrolls of identify
 s - 3 scrolls of fear
 y - 10 scrolls of teleportation
 C - 2 scrolls of fog
 I - a scroll of magic mapping
 O - 2 scrolls of blinking
 S - a scroll of silence
Potions
 d - 4 potions of resistance
 e - 11 potions of curing
 f - 6 potions of heal wounds
 i - 5 potions of invisibility
 j - 6 potions of lignification
 m - 4 potions of ambrosia
 p - 2 potions of brilliance
 r - 2 potions of might
 w - 2 potions of mutation
 F - 2 potions of haste
 G - 2 potions of flight
 R - a potion of magic
Miscellaneous
 N - a piece from Xom's chessboard (15/15)


   Skills:
 + Level 12.7 Fighting
 + Level 11.2 Short Blades
 + Level 11.2 Long Blades
 + Level 12.0 Axes
 + Level 11.2 Maces & Flails
 + Level 11.2 Polearms
 + Level 11.2 Staves
 + Level 11.2 Slings
 + Level 11.2 Bows
 + Level 11.2 Crossbows
 + Level 11.2 Throwing
 + Level 12.0 Armour
 + Level 11.5 Dodging
 + Level 11.2 Stealth
 + Level 11.2 Shields
 + Level 11.2 Unarmed Combat
 + Level 11.2 Spellcasting
 + Level 9.6 Conjurations
 + Level 9.6 Hexes
 + Level 9.6 Summonings
 + Level 9.6 Necromancy
 + Level 9.6 Translocations
 + Level 9.6 Transmutations
 + Level 9.6 Fire Magic
 + Level 9.6 Ice Magic
 + Level 9.6 Air Magic
 + Level 9.6 Earth Magic
 + Level 9.6 Poison Magic
 + Level 12.8 Invocations
 + Level 11.2 Evocations


You had 38 spell levels left.
You didn't know any spells.
Your spell library contained the following spells:

 Spells                   Type           Power      Damage    Failure   Level
 Foxfire                  Conj/Fire      100%       2x1d9     3%          1
 Sandblast                Erth           100%       2d20      3%          1
 Shock                    Conj/Air       100%       1d9       3%          1
 Summon Small Mammal      Summ           100%       N/A       3%          1
 Passwall                 Tmut/Erth      44%        N/A       4%          2
 Scorch                   Fire           100%       2d10      4%          2
 Slow                     Hex            53%        N/A       4%          2
 Call Canine Familiar     Summ           53%        N/A       8%          3
 Confusing Touch          Hex            53%        N/A       8%          3
 Conjure Flame            Conj/Fire      53%        6-21      8%          3
 Inner Flame              Hex/Fire       53%        N/A       8%          3
 Portal Projectile        Hex/Tloc       100%       N/A       8%          3
 Stone Arrow              Conj/Erth      100%       3d13      8%          3
 Summon Guardian Golem    Hex/Summ       53%        N/A       8%          3
 Swiftness                Air            53%        N/A       8%          3
 Vampiric Draining        Necr           26%        2d9       8%          3
 Airstrike                Air            26%        N/A       22%         4
 Flame Wave               Conj/Fire      53%        3d10      22%         4
 Hailstorm                Conj/Ice       53%        3d12      22%         4
 Ice Form                 Ice/Tmut       53%        N/A       22%         4
 Leda's Liquefaction      Hex/Erth       26%        N/A       22%         4
 Blade Hands              Tmut           26%        N/A       50%         5
 Irradiate                Conj/Tmut      26%        3d22      50%         5
 Simulacrum               Ice/Necr       26%        N/A       96%         6
 Summon Cactus Giant      Summ           26%        N/A       96%         6
 Dragon Form              Tmut           26%        N/A       100%        7


Dungeon Overview and Level Annotations

Branches:
Dungeon (15/15)            Temple (0/1) D:6            Lair (6/6) D:11
 Shoals (0/4) Lair:3        Snake (2/4) Lair:4        Slime (0/5) Lair:6
    Orc (2/2) D:12            Elf (0/3) Orc:2        Vaults (0/5) D:13
 Depths (0/5) D:15        Ossuary (visited)

Altars:
Cheibriados
Dithmenos
Fedhas
Gozag
Hepliaklqana
Kikubaaqudgha
Makhleb
Nemelex Xobeh
Okawaru
Trog
Uskayaw
Xom
Zin
The Shining One
Beogh
Jiyva

Shops:
D:2 !   D:3 (   D:10 *   Orc:2 (*:?   Snake:1 **!

Portals:
Hell: Lair:6


Innate Abilities, Weirdness & Mutations

You have very sharp teeth.
Your uncanny sense of smell can sniff out nearby items.
Your experience applies equally to all skills.
You have sharp toenails.
You are agile. (Dex +2)
A frigid envelope surrounds you and freezes all who hurt you.
Your spells are a little harder to cast, but a little more powerful.


Message History

You miss the shock serpent. The shock serpent closely misses you.
The shock serpent shoots out a bolt of lightning at you!
The bolt of electricity misses you.
The bolt of electricity hits you but does no damage.
Unknown command.
You slash the shock serpent!
The shock serpent looks as sick as possible!
You bite the shock serpent.
The shock serpent is heavily wounded.
You hit the shock serpent.
The shock serpent looks as sick as possible!
The shock serpent's electric aura discharges, shocking you!
The shock serpent bites you but does no damage.
You block the shock serpent's attack.
You slash the shock serpent! You bite the shock serpent.
The shock serpent is severely wounded.
You closely miss the shock serpent.
The shock serpent's electric aura discharges, shocking you!
The shock serpent barely misses you.
The shock serpent shoots out a bolt of lightning at you!
The bolt of electricity hits you!!
* * * LOW HITPOINT WARNING * * *
The bolt of electricity hits you!
* * * LOW HITPOINT WARNING * * *
You feel much better.
The shock serpent shoots out a bolt of lightning at you!
The bolt of electricity misses you.
The bolt of electricity hits the shock serpent.
The shock serpent completely resists.
The shock serpent's electric aura discharges, shocking you!
The shock serpent bites you.
* * * LOW HITPOINT WARNING * * *
The shock serpent shocks you!
* * * LOW HITPOINT WARNING * * *
The shock serpent is very cold.
You kill the shock serpent!
Lugonu accepts your kill.
The shock serpent shoots out a bolt of lightning at you!
The bolt of electricity hits you!!
You die...

..#..###..#......#..#
..#...#...#....###..#
####.###.####..###..#
#.#.......#.###.##..#
....∩.∩.∩.......##..#
#.#.......#.###.##..#
####.###.#####..###.#
###...#...#....(###.#
.##..###..#....)@##.#
.##..#.#..#.....S#.##
.##.##.##.#........#
.##.#.###.#.......##
###.#.###.#.....###
###.#.#........##
...#.#.......###
............##
#..........##


You could see a shock serpent (extremely poisoned, slow).

Vanquished Creatures
  The ghost of Bybenepn the Covert, an adept HuAr of Trog (Lair:6)
  Aizul (Snake:1)
  Josephine (D:14)
  Snorg (D:11)
  2 fire dragons (D:15)
  10 hydras
  2 vault guards (D:13)
  Erolcha (Orc:1)
  5 boulder beetles
  2 centaur warriors
  5 two-headed ogres
  9 death yaks
  4 anacondas (Snake:1)
  5 orc high priests (Orc:2)
  3 naga sharpshooters (Snake:1)
  2 shock serpents (Snake:1)
  Sonja (Lair:6)
  A fire crab (Lair:6)
  A sun demon (Lair:6)
  4 skeletal warriors (D:14)
  2 naga ritualists (Snake:1)
  6 orc knights (Orc:2)
  2 necromancers (D:13)
  A lindwurm (Lair:6)
  3 wizards
  13 ugly things
  A deep elf pyromancer (D:15)
  4 orc sorcerers
  3 cyclopes
  4 mana vipers (Snake:1)
  4 manticores
  8 elephants
  2 salamanders
  A black mamba (shapeshifter) (D:13)
  2 merfolk sirens (Lair:3)
  16 black mambas
  14 cane toads
  4 naga magi (Snake:1)
  A torpor snail (Lair:4)
  A smoke demon (Lair:6)
  2 orange demons (Lair:6)
  2 gargoyles
  5 rime drakes
  A kobold demonologist (D:14)
  11 komodo dragons
  3 red devils (Lair:6)
  A yaktaur (D:13)
  An ice devil (Lair:6)
  2 efreet
  2 meliai (Lair:4)
  5 polar bears
  2 merfolk (Lair:3)
  4 trolls
  A queen bee (Lair:4)
  13 dream sheep
  27 blink frogs
  A centaur simulacrum (D:15)
  2 shadows
  9 wraiths
  5 basilisks
  4 fire bats (Lair:4)
  47 yaks
  19 humans (D:13)
  2 wyverns (Lair:4)
  11 vampire mosquitoes
  13 nagas
  7 wargs
  An acid dragon (D:10)
  22 water moccasins
  4 hell hounds (Lair:6)
  3 ice beasts (D:6)
  30 orc warriors
  3 boggarts
  2 sky beasts (D:7)
  3 black bears
  2 necrophages
  4 ogres
  7 wolves
  10 centaurs
  A kobold brigand (D:8)
  2 wyvern zombies
  16 bullfrogs
  A scorpion (D:5)
  A water moccasin skeleton (D:7)
  37 killer bees
  10 wights
  3 electric eels
  7 howler monkeys
  A jelly (D:4)
  2 hounds
  A centaur skeleton (D:7)
  2 centaur zombies (D:9)
  A human zombie (Ossuary)
  27 orc priests
  A bullfrog skeleton (D:6)
  3 iguanas
  Natasha (twice) (D:3)
  A hell rat (Lair:4)
  16 orc wizards
  A killer bee zombie (D:8)
  2 hound skeletons (D:4)
  3 mummies (Ossuary)
  A howler monkey zombie (D:9)
  7 gnolls
  7 adders
  2 river rats (Lair:4)
  2 white imps (D:7)
  An ufetubus (D:6)
  An adder skeleton (D:4)
  A worm (D:4)
  4 dart slugs
  78 orcs
  13 endoplasms
  4 giant cockroaches
  3 gnoll zombies (Ossuary)
  4 goblins
  10 hobgoblins
  3 jackals (D:4)
  5 quokkas
  10 ball pythons
  13 bats
  5 frilled lizards
  2 goblin zombies (Ossuary)
  2 hobgoblin zombies (Ossuary)
  12 kobolds
  2 rats
  2 bushes (Lair:6)
781 creatures vanquished.

Vanquished Creatures (collateral kills)
  4 blink frogs (Lair:6)
4 creatures vanquished.

Vanquished Creatures (others)
  43 fungi
  86 plants
  4 starspawn tentacles (Abyss:2)
133 creatures vanquished.

Grand Total: 918 creatures vanquished

Notes
Turn   | Place    | Note
-------+----------+-------------------------------------------
     0 | Abyss:1  | Gargoyl the Gnoll Abyssal Knight began the quest for the
                  | Orb.
     0 | Abyss:1  | Reached XP level 1. HP: 23/23 MP: 3/3
    42 | Abyss:2  | Noticed a tentacled starspawn
    62 | Abyss:2  | Noticed a chaos spawn
    63 | D:1      | Escaped the Abyss
   224 | D:1      | Reached * piety under Lugonu
   279 | D:1      | Reached XP level 2. HP: 29/29 MP: 5/5
   406 | D:1      | Found a faded altar of an unknown god.
   640 | D:1      | Reached XP level 3. HP: 35/35 MP: 6/6
  1285 | D:2      | Gained mutation: You are agile. (Dex +2) [potion of
                  | mutation]
  1285 | D:2      | Gained mutation: A frigid envelope surrounds you and
                  | freezes all who hurt you. [potion of mutation]
  1285 | D:2      | Gained mutation: Your spells are a little harder to cast,
                  | but a little more powerful. [potion of mutation]
  1285 | D:2      | Gained mutation: You have sharp toenails. [potion of
                  | mutation]
  1438 | D:2      | Reached skill level 1 in Short Blades
  1438 | D:2      | Reached skill level 1 in Long Blades
  1438 | D:2      | Reached skill level 1 in Maces & Flails
  1438 | D:2      | Reached skill level 1 in Polearms
  1438 | D:2      | Reached skill level 1 in Staves
  1438 | D:2      | Reached skill level 1 in Slings
  1438 | D:2      | Reached skill level 1 in Bows
  1438 | D:2      | Reached skill level 1 in Crossbows
  1438 | D:2      | Reached skill level 1 in Throwing
  1438 | D:2      | Reached skill level 1 in Stealth
  1438 | D:2      | Reached skill level 1 in Shields
  1438 | D:2      | Reached skill level 1 in Unarmed Combat
  1438 | D:2      | Reached skill level 1 in Spellcasting
  1438 | D:2      | Reached skill level 1 in Evocations
  1451 | D:2      | Reached ** piety under Lugonu
  1476 | D:2      | Reached XP level 4. HP: 41/41 MP: 7/7
  1616 | D:2      | Found Cocwauk's Distillery.
  1690 | D:2      | Bought a potion of heal wounds for 70 gold pieces
  2151 | D:3      | Reached skill level 1 in Conjurations
  2151 | D:3      | Reached skill level 1 in Hexes
  2151 | D:3      | Reached skill level 1 in Summonings
  2151 | D:3      | Reached skill level 1 in Necromancy
  2151 | D:3      | Reached skill level 1 in Translocations
  2151 | D:3      | Reached skill level 1 in Transmutations
  2151 | D:3      | Reached skill level 1 in Fire Magic
  2151 | D:3      | Reached skill level 1 in Ice Magic
  2151 | D:3      | Reached skill level 1 in Air Magic
  2151 | D:3      | Reached skill level 1 in Earth Magic
  2151 | D:3      | Reached skill level 1 in Poison Magic
  2246 | D:3      | Reached XP level 5. HP: 44/47 MP: 8/8
  2432 | D:3      | Reached *** piety under Lugonu
  2623 | D:3      | Found Apuxzel's Antique Weapon Emporium.
  2710 | D:3      | Noticed Natasha
  2712 | D:3      | Killed Natasha
  2809 | D:3      | Noticed Natasha
  2813 | D:3      | Killed Natasha
  2956 | D:4      | Reached skill level 5 in Invocations
  2956 | D:4      | Reached XP level 6. HP: 53/53 MP: 9/9
  3026 | D:4      | Reached skill level 5 in Axes
  3026 | D:4      | Reached skill level 5 in Armour
  3420 | D:4      | Reached XP level 7. HP: 59/59 MP: 10/10
  3570 | D:5      | Entered Level 5 of the Dungeon
  3679 | D:5      | Found a sparkling altar of Nemelex Xobeh.
  3698 | D:5      | Found a shimmering altar of Xom.
  3714 | D:5      | Found the +3 hat of Pondering {ponderous, Will+ MP+10
                  | Int+5}
  3853 | D:5      | Found a sand-covered staircase.
  3860 | Ossuary  | Entered an ossuary
  5221 | D:6      | Found a glowing golden altar of the Shining One.
  5256 | D:6      | Reached XP level 8. HP: 60/67 MP: 12/12
  5374 | D:6      | Found an ancient bone altar of Kikubaaqudgha.
  5380 | D:6      | Noticed a two-headed ogre
  5391 | D:6      | Killed a two-headed ogre
  5392 | D:6      | Reached XP level 9. HP: 61/73 MP: 14/14
  5394 | D:6      | Reached **** piety under Lugonu
  5644 | D:6      | Found a staircase to the Ecumenical Temple.
  5827 | D:6      | Reached skill level 5 in Dodging
  6813 | D:7      | Found a burning altar of Makhleb.
  6816 | D:7      | Found an iron altar of Okawaru.
  6816 | D:7      | Found an opulent altar of Gozag.
  6824 | D:7      | Found a hazy altar of Hepliaklqana.
  7207 | D:7      | Reached XP level 10. HP: 64/78 MP: 17/17
  7341 | D:7      | Found a snail-covered altar of Cheibriados.
  7341 | D:7      | Found a shadowy altar of Dithmenos.
  7685 | D:8      | Reached skill level 5 in Short Blades
  7685 | D:8      | Reached skill level 5 in Long Blades
  7685 | D:8      | Reached skill level 5 in Maces & Flails
  7685 | D:8      | Reached skill level 5 in Polearms
  7685 | D:8      | Reached skill level 5 in Staves
  7685 | D:8      | Reached skill level 5 in Slings
  7685 | D:8      | Reached skill level 5 in Bows
  7685 | D:8      | Reached skill level 5 in Crossbows
  7685 | D:8      | Reached skill level 5 in Throwing
  7685 | D:8      | Reached skill level 5 in Stealth
  7685 | D:8      | Reached skill level 5 in Shields
  7685 | D:8      | Reached skill level 5 in Unarmed Combat
  7685 | D:8      | Reached skill level 5 in Spellcasting
  7685 | D:8      | Reached skill level 5 in Evocations
  7890 | D:8      | Noticed a cyclops
  7902 | D:8      | Killed a cyclops
  8500 | D:8      | Noticed a two-headed ogre
  8508 | D:8      | Killed a two-headed ogre
  8508 | D:8      | Reached ***** piety under Lugonu
  8722 | D:9      | Noticed a cyclops
  8730 | D:9      | Killed a cyclops
  8863 | D:9      | Noticed a +0 falchion
  8864 | D:9      | Noticed a +0 short sword
  8865 | D:9      | Noticed a +0 dagger
  8865 | D:9      | Noticed a +0 short sword
  8865 | D:9      | Noticed a +0 falchion
  8865 | D:9      | Noticed a +0 dagger
  8865 | D:9      | Noticed a +0 spear
  8866 | D:9      | Noticed a +0 spear
  8872 | D:9      | Found a hide-covered altar of Uskayaw.
  9005 | D:9      | Reached XP level 11. HP: 87/87 MP: 19/19
  9735 | D:10     | Entered Level 10 of the Dungeon
  9751 | D:10     | Noticed a two-headed ogre
  9764 | D:10     | Killed a two-headed ogre
  9765 | D:10     | Reached skill level 5 in Conjurations
  9765 | D:10     | Reached skill level 5 in Hexes
  9765 | D:10     | Reached skill level 5 in Summonings
  9765 | D:10     | Reached skill level 5 in Necromancy
  9765 | D:10     | Reached skill level 5 in Translocations
  9765 | D:10     | Reached skill level 5 in Transmutations
  9765 | D:10     | Reached skill level 5 in Fire Magic
  9765 | D:10     | Reached skill level 5 in Ice Magic
  9765 | D:10     | Reached skill level 5 in Air Magic
  9765 | D:10     | Reached skill level 5 in Earth Magic
  9765 | D:10     | Reached skill level 5 in Poison Magic
 10040 | D:10     | Found Qiutaihe's Assorted Antiques.
 10281 | D:10     | Bought a scroll of teleportation for 102 gold pieces
 10382 | D:10     | Noticed a two-headed ogre
 10390 | D:10     | Killed a two-headed ogre
 10647 | D:10     | Bought an iridescent long sword for 289 gold pieces
 10647 | D:10     | Identified the +8 long sword of Istyoxt {holy, Dex+7} (You
                  | bought it in a shop on level 10 of the Dungeon)
 10741 | D:10     | Found a glowing silver altar of Zin.
 10883 | D:11     | Noticed Snorg
 10894 | D:11     | Killed Snorg
 11393 | D:11     | Noticed an oklob plant
 11395 | D:11     | Banished an oklob plant
 11424 | D:11     | Found a staircase to the Lair.
 11424 | D:11     | Noticed an oklob plant
 11430 | D:11     | Banished an oklob plant
 11535 | Lair:1   | Entered Level 1 of the Lair of Beasts
 11805 | Lair:1   | Reached XP level 12. HP: 73/96 MP: 22/22
 11923 | Lair:1   | You fall into a shaft and drop 1 floor!
 13512 | Lair:2   | Reached skill level 10 in Fighting
 13512 | Lair:2   | Reached XP level 13. HP: 103/103 MP: 24/24
 13924 | Lair:2   | Reached skill level 10 in Invocations
 14737 | Lair:3   | Found a transporter.
 14739 | Lair:3   | Found a transporter.
 15321 | Lair:3   | Found a staircase to the Shoals.
 16019 | Lair:4   | Reached XP level 14. HP: 43/111 MP: 26/26
 17498 | Lair:4   | Reached skill level 10 in Axes
 17498 | Lair:4   | Reached skill level 10 in Armour
 17845 | Lair:4   | Reached ****** piety under Lugonu
 18360 | Lair:4   | Found a staircase to the Snake Pit.
 19060 | Lair:5   | Identified the +3 plate armour "Wotuc" {Str+3 Int-2 SInv}
 20048 | Lair:5   | Found the +10 tower shield of Ignorance {rN+ Int-4}
 20077 | Lair:5   | Found a blossoming altar of Fedhas.
 20774 | Lair:6   | Entered Level 6 of the Lair of Beasts
 21015 | Lair:6   | Noticed Sonja
 21020 | Lair:6   | Killed Sonja
 21022 | Lair:6   | Reached XP level 15. HP: 57/119 MP: 28/28
 21239 | Lair:6   | Found a runed translucent door.
 21239 | Lair:6   | Noticed Bybenepn's ghost (adept HuAr)
 21808 | Lair:6   | Reached skill level 10 in Dodging
 21979 | Lair:6   | Found a viscous altar of Jiyva.
 21985 | Lair:6   | Found a staircase to the Slime Pits.
 23323 | Lair:6   | Reached skill level 10 in Short Blades
 23323 | Lair:6   | Reached skill level 10 in Long Blades
 23323 | Lair:6   | Reached skill level 10 in Maces & Flails
 23323 | Lair:6   | Reached skill level 10 in Polearms
 23323 | Lair:6   | Reached skill level 10 in Staves
 23323 | Lair:6   | Reached skill level 10 in Slings
 23323 | Lair:6   | Reached skill level 10 in Bows
 23323 | Lair:6   | Reached skill level 10 in Crossbows
 23323 | Lair:6   | Reached skill level 10 in Throwing
 23323 | Lair:6   | Reached skill level 10 in Stealth
 23323 | Lair:6   | Reached skill level 10 in Shields
 23323 | Lair:6   | Reached skill level 10 in Unarmed Combat
 23323 | Lair:6   | Reached skill level 10 in Spellcasting
 23323 | Lair:6   | Reached skill level 10 in Evocations
 23444 | Lair:6   | Cast into level 2 of the Abyss (a wizard)
 23481 | Abyss:3  | Noticed a bone dragon
 23482 | Lair:6   | Escaped the Abyss
 23493 | Lair:6   | Found a burning altar of Makhleb.
 23892 | Lair:6   | Found a gateway to Hell.
 24423 | Lair:6   | Killed Bybenepn's ghost
 24992 | D:12     | Found a staircase to the Orcish Mines.
 25996 | D:13     | Found a gate to the Vaults.
 26011 | D:13     | Reached XP level 16. HP: 73/127 MP: 30/30
 27620 | D:14     | Identified the +6 chain mail "Zaox" {rC+ Dex+7}
 28342 | D:15     | Entered Level 15 of the Dungeon
 28342 | D:15     | Noticed Josephine
 28382 | D:14     | Killed Josephine
 28644 | D:15     | Identified the +0 pair of gloves of Complete Protection
                  | {+Blink Will+ Str-5}
 28839 | D:15     | Found a bloodstained altar of Trog.
 29262 | D:15     | Found a staircase to the Depths.
 29652 | Orc:1    | Entered Level 1 of the Orcish Mines
 29794 | Orc:2    | Entered Level 2 of the Orcish Mines
 29794 | Orc:2    | Found a staircase to the Elven Halls.
 30591 | Orc:1    | Noticed Erolcha
 30610 | Orc:1    | Killed Erolcha
 33298 | Orc:2    | Found Udaafoc's Antique Weapon Shop.
 33298 | Orc:2    | Found Miwnaxt's Magic Scroll Shop.
 33299 | Orc:2    | Found Heivvid's General Store.
 33299 | Orc:2    | Found Watixong's Book Shop.
 33310 | Orc:2    | Bought a scroll of teleportation for 42 gold pieces
 33310 | Orc:2    | Bought a scroll of blinking for 105 gold pieces
 33310 | Orc:2    | Bought a scroll of holy word for 105 gold pieces
 33314 | Orc:2    | Bought a runed hand axe for 228 gold pieces
 33593 | Snake:1  | Entered Level 1 of the Snake Pit
 33593 | Snake:1  | Noticed Aizul
 33620 | Snake:1  | Killed Aizul
 34162 | Snake:1  | Reached XP level 17. HP: 87/135 MP: 32/32
 34333 | Snake:1  | Found Titunong's Assorted Antiques.
 34335 | Snake:1  | Found Kufaam's Assorted Antiques.
 34338 | Snake:1  | Found Ditiu's Distillery.
 34343 | Snake:1  | Bought a potion of curing for 108 gold pieces
 34343 | Snake:1  | Bought a scroll of enchant weapon for 270 gold pieces
 34343 | Snake:1  | Bought a scroll of enchant armour for 270 gold pieces
 34345 | Snake:1  | Bought a potion of curing for 48 gold pieces
 34345 | Snake:1  | Bought a potion of curing for 48 gold pieces
 34345 | Snake:1  | Bought a potion of curing for 48 gold pieces
 34345 | Snake:1  | Bought a potion of resistance for 160 gold pieces
 35990 | Snake:1  | Killed from afar by a shock serpent

Illustrated notes

Levels and vault maps discovered:
D:1:      minmay_arrival_split_and_join, layout_loops_ring,
          shapermc_ecumenical_altar_venn, serial_park_tiny_1
D:2:      layout_loops_cross, serial_shops, shop
D:3:      layout_loops_cross, serial_shops, shop, minmay_misc_feat_rows,
          corexii_corridor_pit, corexii_corridor_pit, small_statue_intersection,
          st_stairs_13, uniq_natasha
D:4:      layout_basic
D:5:      layout_basic, nicolae_overflow_hidden_temple,
          brannock_xom_greatest_gift, chequers_ossuary_entry_cave
D:6:      layout_basic, mainiacjoe_overflow_small_starburst, marbit_many_paths,
          temple_statues
D:7:      layout_cave_pools, grunt_temple_overflow_open,
          gammafunk_temple_overflow_wave
D:8:      layout_loops_ring, grunt_decor_one_mirror
D:9:      layout_basic, nicolae_uskayaw_en_pointe
D:10:     layout_roguey, mainiacjoe_overflow_alcove_4, serial_shops,
          shop_fountains, nrook_loot_triangle
D:11:     layout_big_octagon, dpeg_oklobed_lair, uniq_snorg
D:12:     minmay_evil_eye, layout_irregular_city, orc_0_dummy,
          hangedman_abyss_or_decor_passed
D:13:     layout_irregular_city, grunt_vaults_entry_tiered
D:14:     layout_loops_ring, nrook_uturn
D:15:     grunt_enter_depths_hoard, layout_irregular_city, bloody_trog,
          minivault_11, uniq_josephine
Lair:1:   layout_layer_cave, st_stairs_5
Lair:2:   layout_roguey, minivault_25
Lair:3:   gammafunk_boulding_lane, layout_regular_city,
          elwin_shoals_entry_stream, st_stairs_3, nicolae_quartered_pool_little
Lair:4:   regret_index_wax_grids, layout_gridlike,
          minmay_snake_entry_guardpost_small, serial_bayou_pond_a
Lair:5:   layout_gridlike, minivault_25, hangedman_tree_tricks,
          grunt_megastairs_2
Lair:6:   evil_forest, layout_layer_cave, slime_altar_1,
          hellmonk_ghost_happy_afterlife, gammafunk_lair_bear_cave, uniq_sonja
Snake:1:  layout_onion_interference, minmay_shop_star, uniq_aizul
Snake:2:  nicolae_cobra_stairs, layout_cave_town, evilmike_ambush
          [evilmike_ambush_outer_basic, evilmike_ambush_inner_cross]
Orc:1:    layout_caves, uniq_erolcha
Orc:2:    st_orc_pillars, layout_caves, basic_altar, mines_bat_river

Skill      XL: |  1  2  3  4  5  6  7  8  9 10 11 12 13 14 15 16 17 |
---------------+----------------------------------------------------+-----
Short Blades   | 1 2 3 4 5 6 7 8 9 10 11 | 11.2
Long Blades    | 1 2 3 4 5 6 7 8 9 10 11 | 11.2
Maces & Flails | 1 2 3 4 5 6 7 8 9 10 11 | 11.2
Polearms       | 1 2 3 4 5 6 7 8 9 10 11 | 11.2
Staves         | 1 2 3 4 5 6 7 8 9 10 11 | 11.2
Slings         | 1 2 3 4 5 6 7 8 9 10 11 | 11.2
Bows           | 1 2 3 4 5 6 7 8 9 10 11 | 11.2
Crossbows      | 1 2 3 4 5 6 7 8 9 10 11 | 11.2
Throwing       | 1 2 3 4 5 6 7 8 9 10 11 | 11.2
Stealth        | 1 2 3 4 5 6 7 8 9 10 11 | 11.2
Shields        | 1 2 3 4 5 6 7 8 9 10 11 | 11.2
Unarmed Combat | 1 2 3 4 5 6 7 8 9 10 11 | 11.2
Spellcasting   | 1 2 3 4 5 6 7 8 9 10 11 | 11.2
Evocations     | 1 2 3 4 5 6 7 8 9 10 11 | 11.2
Conjurations   | 1 2 3 4 5 6 7 8 9 |  9.6
Hexes          | 1 2 3 4 5 6 7 8 9 |  9.6
Summonings     | 1 2 3 4 5 6 7 8 9 |  9.6
Necromancy     | 1 2 3 4 5 6 7 8 9 |  9.6
Translocations | 1 2 3 4 5 6 7 8 9 |  9.6
Transmutations | 1 2 3 4 5 6 7 8 9 |  9.6
Fire Magic     | 1 2 3 4 5 6 7 8 9 |  9.6
Ice Magic      | 1 2 3 4 5 6 7 8 9 |  9.6
Air Magic      | 1 2 3 4 5 6 7 8 9 |  9.6
Earth Magic    | 1 2 3 4 5 6 7 8 9 |  9.6
Poison Magic   | 1 2 3 4 5 6 7 8 9 |  9.6
Dodging        | 3 4 5 6 7 8 9 10 11 | 11.5
Invocations    | 5 6 7 8 9 10 11 12 | 12.8
Axes           | 5 6 7 8 9 10 11 12 | 12.0
Armour         | 5 6 7 8 9 10 11 12 | 12.0
Fighting       | 7 8 9 10 11 12 | 12.7

Action                   |  1- 3 |  4- 6 |  7- 9 | 10-12 | 13-15 | 16-18 || total
-------------------------+-------+-------+-------+-------+-------+-------++-------
Melee: Hand axe          |   120 |    97 |   285 |   399 |  1017 |   805 ||  2723
       Bite              |     9 |    13 |    43 |    63 |   209 |   200 ||   537
       Punch             |       |       |     4 |    21 |     4 |       ||    29
       Long sword        |       |       |       |       |    80 |    69 ||   149
Throw: Dart              |       |       |       |    21 |    12 |     1 ||    34
Invok: Depart the Abyss  |     1 |       |       |       |     1 |       ||     2
       Banish            |       |       |       |     2 |     8 |     4 ||    14
       Bend Space        |       |       |       |       |       |     1 ||     1
  Use: Scroll            |     4 |     9 |     7 |     7 |     6 |     3 ||    36
       Potion            |     1 |       |       |     2 |       |     5 ||     8
 Stab: Distracted        |       |       |       |       |     1 |     2 ||     3
       Sleeping          |       |       |       |       |       |     2 ||     2
Armor: Plate armour      |   132 |    69 |   197 |   300 |   593 |    51 ||  1342
       Chain mail        |       |       |       |       |       |   257 ||   257
Dodge: Dodged            |    29 |    84 |    98 |   232 |   518 |   389 ||  1350
Block: Kite shield       |       |       |       |       |   717 |   621 ||  1338

Table legend: (Time is in decaauts)
 A = Elapsed time spent in this place.
 B = Non-inter-level travel time spent in this place.
 C = Inter-level travel time spent in this place.
 D = Time resting spent in this place.
 E = Time spent auto-exploring this place.
 F = Levels seen in this place.
 G = Mean time per level.
                   A        B        C        D        E       F      G
               +--------+--------+--------+--------+--------+-----+--------+
         Total |  37092 |  35970 |   1122 |   8271 |  21467 |  30 | 1236.4 |
       Dungeon |  16524 |  15905 |    619 |   1757 |  11315 |  15 | 1101.6 |
          Lair |  14007 |  13572 |    435 |   3552 |   7945 |   6 | 2334.5 |
     Snake Pit |   2062 |   2055 |      7 |    863 |    874 |   2 | 1031.0 |
  Orcish Mines |   3854 |   3793 |     61 |   1919 |   1092 |   2 | 1927.0 |
         Abyss |    103 |    103 |      0 |      0 |     43 |   4 |   25.8 |
       Ossuary |    539 |    539 |      0 |    179 |    195 |   1 |  539.0 |
               +--------+--------+--------+--------+--------+-----+--------+

Top non-repeatable levels by time:
  Lair:6: 3522 daAuts
  Lair:4: 2912 daAuts
   Orc:2: 2750 daAuts
  Lair:5: 2354 daAuts
 Snake:1: 2048 daAuts
  Lair:1: 2032 daAuts
  Lair:3: 1870 daAuts
    D:14: 1735 daAuts
     D:6: 1558 daAuts
    D:13: 1454 daAuts
  Lair:2: 1315 daAuts
     D:7: 1260 daAuts
     D:1: 1225 daAuts
    D:10: 1155 daAuts
     D:9: 1129 daAuts
